 Dungeon Crawl Stone Soup version 0.32-a0-141-g04fe69798e (webtiles) character file.

Game seed: 5897034905166055415

74 Colgate the Trooper (level 4, 0/41 HPs)
             Began as a Hill Orc Gladiator on Feb 11, 2024.
             Slain by an orc
             ... wielding a +0 falchion
              (5 damage)
             ... on level 3 of the Dungeon.
             The game lasted 00:02:37 (1455 turns).

Colgate the Trooper (Hill Orc Gladiator)            Turns: 1455, Time: 00:02:37

Health: 0/41       AC:  9    Str: 18    XL:     4   Next: 28%
Magic:  4/4        EV: 10    Int:  8    God:
Gold:   68         SH:  0    Dex: 12    Spells: 3/3 levels left

rFire   . . .        l - +0 flail
rCold   . . .        (no shield)
rNeg    . . .        k - +1 scale mail {rPois}
rPois   +            c - +0 helmet
rElec   .            n - +0 cloak
rCorr   .            (no gloves)
SInv    .            (no boots)
Will    .....        h - amulet of regeneration Stlth
                     (no ring)
HPRegen 1.06/turn    (no ring)
MPRegen 0.09/turn

%: no passive effects
@: lethally poisoned (0 -> -1)
A: no striking features
a: Convert to Beogh


You were on level 3 of the Dungeon.
You visited 1 branch of the dungeon, and saw 3 of its levels.

You collected 68 gold pieces.

Inventory:

Hand Weapons
 a - a +0 flail
 l - a +0 flail (weapon)
Missiles
 d - 3 throwing nets (quivered) {!f}
 e - a javelin
 g - 10 boomerangs
Armour
 c - a +0 helmet (worn)
 k - a +1 scale mail of poison resistance (worn)
 n - a +0 cloak (worn)
Jewellery
 h - an amulet of regeneration (around neck)
Scrolls
 f - 2 scrolls of poison
 i - a scroll of enchant weapon
 j - a scroll of immolation
 p - a scroll of vulnerability
Potions
 m - a potion of resistance {@q5}
 o - a potion of curing {@q1}


   Skills:
 - Level 4.8 Fighting
 - Level 3.2 Maces & Flails
 - Level 1.7 Throwing
 + Level 1.6 Armour
 - Level 2.4 Dodging


You had 3 spell levels left.
You didn't know any spells.
Your spell library contained the following spells:

 Spells                   Type           Power      Damage    Failure   Level
 Summon Small Mammal      Summ           0%         N/A       80%         1
 Call Canine Familiar     Summ           0%         N/A       99%         3
 Summon Blazeheart Golem  Fire/Summ      0%         N/A       100%        4


Dungeon Overview and Level Annotations

Branches:
Dungeon (3/15)

Altars:


Message History

There are monsters nearby!
You are too injured to fight recklessly!
There are monsters nearby!
You are too injured to fight recklessly!
There are monsters nearby!
You are too injured to fight recklessly!
There are monsters nearby!
You are too injured to fight recklessly!
There are monsters nearby!
You are too injured to fight recklessly!
There are monsters nearby!
You are too injured to fight recklessly!
There are monsters nearby!
You are too injured to fight recklessly!
There are monsters nearby!
You are too injured to fight recklessly!
There are monsters nearby!
You are too injured to fight recklessly!
There are monsters nearby!
You hit the orc priest. The orc hits you with a +0 falchion!
The orc priest shouts, "Join the one true god or die!"
The orc priest hits you with a +0 dagger of venom.
* * * LOW HITPOINT WARNING * * *
You are poisoned.
The orc hits you with a +0 falchion.
* * * LOW HITPOINT WARNING * * *
The orc priest hits you with a +0 dagger of venom.
* * * LOW HITPOINT WARNING * * *
The orc priest threatens, "By the altar or by the axe, you will meet Beogh!"
You hit the orc priest.
The orc priest shouts, "Surrender to Beogh and we'll let you live!"
You feel very sick. The orc hits you but does no damage.
The orc priest hits you but does no damage.
The orc priest shouts, "Join the one true god or die!"
You hit the orc priest.
You feel sick. The orc barely misses you.
The orc priest hits you but does no damage.
You closely miss the orc priest.
You feel sick. The orc hits you with a +0 falchion.
You die...

[.. #.# #.# #.# #
#.# .# # #.###.#.#
..#.#######.#.o...#
.......<.....@o#
..#.########...#
#...# ##....
#.....# #.....#
#.....# ..<...#


You could see an orc priest and an orc.

Vanquished Creatures
  Terence (D:1)
  3 dart slugs
  An orc (D:3)
  7 ball pythons
  4 bats
  7 endoplasms
  2 giant cockroaches (D:2)
  5 hobgoblins
  2 kobolds
  A quokka (D:2)
  3 frilled lizards
  A goblin (D:1)
  3 rats
40 creatures vanquished.

Notes
Turn   | Place    | Note
-------+----------+-------------------------------------------
     0 | D:1      | Colgate the Hill Orc Gladiator began the quest for the Orb.
     0 | D:1      | Reached XP level 1. HP: 18/18 MP: 1/1
   113 | D:1      | Reached skill level 3 in Fighting
   202 | D:1      | Reached XP level 2. HP: 23/26 MP: 2/2
   394 | D:1      | Reached skill level 4 in Fighting
   584 | D:1      | Reached XP level 3. HP: 33/33 MP: 3/3
   859 | D:2      | Noticed Terence
   872 | D:1      | Killed Terence
   971 | D:2      | Reached XP level 4. HP: 41/41 MP: 4/4
  1035 | D:2      | Reached skill level 1 in Armour
  1145 | D:2      | Found a faded altar of an unknown god.
  1455 | D:3      | Slain by an orc

Illustrated notes

Levels and vault maps discovered:
D:1:      enne_arrival_octagon_isle, layout_loops_ring, minmay_misc_feat_tower
D:2:      layout_rooms, shapermc_ecumenical_altar_totnotflames,
          kennysheep_generic_room_8, uniq_terence
D:3:      layout_loops_ring, nicolae_overflow_ecumenical_swirl

Skill      XL: |  1  2  3  4 |
---------------+-------------+-----
Fighting       | 3 4 |  4.8
Armour         | 1 |  1.6
Maces & Flails | |  3.2
Throwing       | |  1.7
Dodging        | |  2.4

Action                     |  1- 3 |  4- 6 || total
---------------------------+-------+-------++-------
  Melee: Flail             |    97 |    38 ||   135
         Punch             |     2 |     1 ||     3
    Use: Scroll            |     3 |     3 ||     6
   Stab: Sleeping          |     1 |       ||     1
 Armour: Leather armour    |    40 |       ||    40
         Scale mail        |    21 |    29 ||    50
         Ring mail         |    12 |       ||    12
  Dodge: Dodged            |    86 |    17 ||   103

Table legend: (Time is in decaauts)
 A = Elapsed time spent in this place.
 B = Non-inter-level travel time spent in this place.
 C = Inter-level travel time spent in this place.
 D = Time resting spent in this place.
 E = Time spent auto-exploring this place.
 F = Levels seen in this place.
 G = Mean time per level.
                   A        B        C        D        E       F      G
               +--------+--------+--------+--------+--------+-----+--------+
         Total |   1487 |   1355 |    132 |      0 |    991 |   3 |  495.7 |
       Dungeon |   1487 |   1355 |    132 |      0 |    991 |   3 |  495.7 |
               +--------+--------+--------+--------+--------+-----+--------+

Top non-repeatable levels by time:
     D:1: 917 daAuts
     D:2: 554 daAuts
     D:3: 15 daAuts
